 Dungeon Crawl Stone Soup version 0.17-a0-1020-ge683cc4 (webtiles) character file.

20 Herrn the Insei (level 2, -4/18 HPs)
             Began as an Octopode Transmuter on May 17, 2015.
             Slain by a gnoll
             ... wielding a +0 halberd
              (11 damage)
             ... on level 1 of the Dungeon.
             The game lasted 00:01:15 (366 turns).

Herrn the Insei (Octopode Transmuter)                Turns: 366, Time: 00:01:15

Health: -4/18      AC:  1    Str:  9    XL:     2   Next: 79%
Magic:  4/5        EV: 12    Int: 15    God:
Gold:   65         SH:  0    Dex: 12    Spells: 1 memorised, 4 levels left

rFire  . . .     SeeInvis .       - Unarmed
rCold  . . .     Clarity  .     (no shield)
rNeg   . . .     SustAb   .     (helmet restricted)
rPois  .         Gourm    .     (no amulet)
rElec  .         Spirit   .     (no ring)
rCorr  .         Warding  .     (no ring)
rMut   .         Stasis   .     (no ring)
MR     .....                    (no ring)
Stlth  ++........               (no ring)
                                (no ring)
                                (no ring)
                                (no ring)

@: appendage (expiring), not resistant to hostile enchantments, unstealthy
A: almost no armour, amphibious, 8 rings, constrict 8, tentacle spike 3,
camouflage 1, gelatinous body 1
a: End Transformation


You were on level 1 of the Dungeon.
You were not hungry.
One of your tentacles had a temporary spike.
You visited 1 branch of the dungeon, and saw 1 of its levels.

You collected 65 gold pieces.

Inventory:

Missiles
 a - 12 arrows
Scrolls
 e - 2 scrolls of identify {unknown}
 g - a scroll of remove curse {unknown}
Potions
 d - a potion of heal wounds {unknown}
Books
 b - a book of Changes

   Spells                             Type                      Level
   a - Beastly Appendage              Transmutation                1
   b - Sticks to Snakes               Transmutation                2
   c - Spider Form                    Transmutation/Poison         3
   d - Ice Form                       Ice/Transmutation            4
   e - Blade Hands                    Transmutation                5
Comestibles
 c - a bread ration
 f - 4 chunks of flesh


   Skills:
 + Level 1.0 Fighting
 + Level 2.0 Dodging
 + Level 0.4 Stealth
 + Level 3.7 Unarmed Combat
 - Level 2.0 Spellcasting
 * Level 2.2 Transmutations


You had 4 spell levels left.
You knew the following spells:

 Your Spells              Type           Power        Failure   Level  Hunger
a - Beastly Appendage     Trmt           #.....       12%         1    #......


Dungeon Overview and Level Annotations

Branches:
Dungeon (1/15)

Altars:


Innate Abilities, Weirdness & Mutations

You cannot wear most types of armour.
You are amphibious.
You can wear up to eight rings at the same time.
You can use your tentacles to constrict eight enemies at once.
Your skin changes colour to match your surroundings (Stealth).
Your rubbery body absorbs attacks (AC +1).
One of your tentacles bears a large vicious spike.


Message History

You start resting.
Your transformation is almost over.
You start resting.
Magic restored.
Casting: Beastly Appendage
Confirm with . or Enter, or press ? or * to list all spells.
You extend your transformation's duration.
The gnoll hits you with a halberd!
Ouch! That really hurt!
You completely miss the gnoll. Your grab misses the gnoll.
You barely miss the gnoll. You grab the gnoll.
You constrict the gnoll, but do no damage.
The gnoll misses you.
You completely miss the gnoll.
You pierce the gnoll, but do no damage.
You constrict the gnoll. The gnoll barely misses you.
You tentacle-slap the gnoll.
You pierce the gnoll, but do no damage.
The gnoll is moderately wounded.
Your transformation is almost over.
You constrict the gnoll. The gnoll hits you with a halberd!
Ouch! That really hurt!
You die...

.## #......#
.## #.######
..###### ..#
#.#....#
#.#....# ..#
#.#.##.#
#.#....# ..#
#.#..#.#
#.#....# ..#
#.##.#.#
#.#....# ###
#....#.#
#......# ..#
######.#
#.g[...#
#.#####
#.###@.....#
#.....##
#..........#
####...#
######.....#
P♣.#...# .P
#s....#
PP.#...#♣PPP.
#.....#
..P#...#P.♣..
#..####
PP.#...#♣.P♣
#..##
♣.P#...#.♣.♣P
#...#
PP.#...#.P..P
##..#


You could see a gnoll and a giant cockroach.

Vanquished Creatures
  A gnoll (D:1)
  A giant gecko (D:1)
  A bat (D:1)
  A giant cockroach (D:1)
  4 goblins (D:1)
  2 rats (D:1)
10 creatures vanquished.

Notes
Turn   | Place    | Note
--------------------------------------------------------------
     0 | D:1      | Herrn the Octopode Transmuter began the quest for the Orb.
     0 | D:1      | Reached XP level 1. HP: 13/13 MP: 3/3
   161 | D:1      | Reached XP level 2. HP: 18/18 MP: 1/5
   366 | D:1      | Slain by a gnoll

Vault maps used:
D:1:      minmay_arrival_arboretum_large, patterned_corridor

Action                   || total
-------------------------++-------
Melee: Unarmed           ||    23
 Cast: Beastly Appendage ||     3
 Stab: Sleeping          ||     2
